 Dungeon Crawl Stone Soup version 0.20.1-1-g8b1a95d (webtiles) character file.

641 jmlagarto the Skirmisher (level 7, -14/62 HPs)
             Began as a Yellow Draconian Berserker on Aug 18, 2017.
             Was an Elder of Trog.
             Demolished by a two-headed ogre
             ... wielding a +0 giant club
              (23 damage)
             ... on level 5 of the Dungeon.
             The game lasted 00:12:06 (4503 turns).

jmlagarto the Skirmisher (DrBe)                     Turns: 4503, Time: 00:12:07

Health: -14/62     AC:  6    Str: 27    XL:     7   Next: 26%
Magic:  7/7        EV: 14    Int:  7    God:    Trog [****..]
Gold:   327        SH:  0    Dex: 10    Spells: 6/6 levels left

rFire    + . .     SeeInvis .   A - +2 hand axe (chop)
rCold    x . .     Gourm    .   (no shield)
rNeg     . . .     Faith    +   (armour unavailable)
rPois    .         Spirit   .   (helmet restricted)
rElec    .         Reflect  .   (no cloak)
rCorr    +         Harm     .   (no gloves)
MR       .....                  (no boots)
Stlth    +.........             b - amulet of faith
Regen    0.2/turn               j - ring of fire
MPRegen  0.1/turn               k - +5 ring of strength

@: berserk cooldown, slowed, very slow
A: spit acid, acid resistance, unfitting armour, cold-blooded, AC +6
a: Breathe Acid, Berserk, Trog's Hand, Brothers in Arms, Burn Spellbooks,
Renounce Religion


You were on level 5 of the Dungeon.
You worshipped Trog.
Trog was greatly pleased with you.
You were full.

You visited 1 branch of the dungeon, and saw 5 of its levels.

You collected 327 gold pieces.

Inventory:

Hand Weapons
 a - a +1 spear
 A - a +2 hand axe of chopping (weapon)
Jewellery
 b - an amulet of faith (around neck)
 j - a ring of fire (left hand)
 k - a +5 ring of strength (right hand)
 y - an uncursed ring of poison resistance
 B - an uncursed ring of wizardry
Wands
 n - a wand of polymorph (20/24)
 u - a wand of acid (7/15)
 v - a wand of random effects (26/48)
Scrolls
 c - 2 scrolls of amnesia {unknown}
 g - a scroll of blinking
 h - 5 scrolls of remove curse
 o - 5 scrolls of identify
 q - a scroll of immolation
 r - a scroll of fear {unknown}
 s - a scroll of random uselessness {unknown}
 x - a scroll of enchant armour {unknown}
 C - a scroll of teleportation {unknown}
Potions
 d - 4 potions of might {unknown}
 e - a potion of curing
 f - 2 potions of brilliance {unknown}
 i - 2 potions of flight {unknown}
 p - 2 potions of ambrosia {unknown}
 w - a potion of cancellation {unknown}
 z - a potion of invisibility {unknown}
Comestibles
 l - 3 chunks of flesh
 m - 3 royal jellies
 t - 2 fruits
 D - a meat ration


   Skills:
 + Level 5.9 Fighting
 * Level 1.2(3.5) Axes
 - Level 5.3 Polearms
 + Level 4.9 Dodging


You had 6 spell levels left.
You didn't know any spells.

Dungeon Overview and Level Annotations

Branches:
Dungeon (5/15)
 Temple: D:4-7

Altars:
Hepliaklqana
Qazlal

Shops:
D:4 =


Innate Abilities, Weirdness & Mutations

You can spit globs of acid.
You are resistant to acid.
Your golden yellow scales are hard. (AC +6)
You cannot fit into any form of body armour.
You are cold-blooded and may be slowed by cold attacks.


Message History

The two-headed ogre is heavily wounded.
You barely miss the two-headed ogre. You tail-slap the two-headed ogre!
The two-headed ogre is severely wounded.
You are no longer berserk.
You are exhausted.
You feel yourself slow down.
The two-headed ogre closely misses you. x2
You hit the two-headed ogre.
The two-headed ogre is severely wounded.
The two-headed ogre hits you with a giant club!!
The two-headed ogre closely misses you.
You closely miss the two-headed ogre.
The two-headed ogre is severely wounded.
The two-headed ogre hits you with a giant club!!
* * * LOW HITPOINT WARNING * * *
The two-headed ogre completely misses you.
You barely miss the two-headed ogre.
You tail-slap the two-headed ogre, but do no damage.
The two-headed ogre is severely wounded.
The two-headed ogre hits you with a giant club!!
You die...

........###.##..#.###
....###.# #.##..#.#
#.#.# #.# #.##....#
#.#.# #.# #.##....#
#.#.# #.#
#.##....####.# ....#
#.# #.##.........# #
###
#.###.###...##....
#.#..............#
..........@O####.
#.#.#####.........
.....####.# ###..##
#..# .... ..<..
##.###


You could see a two-headed ogre.

Vanquished Creatures
  A phantom (D:4)
  A scorpion (D:4)
  2 orc priests (D:3)
  A hound (D:5)
  2 orc wizards
  A bullfrog skeleton (D:4)
  Ijyb (D:3)
  3 iguanas (D:4)
  2 worker ants (D:4)
  A howler monkey skeleton (D:4)
  7 adders
  A shadow imp (D:5)
  4 oozes
  An adder skeleton (D:4)
  3 worms
  3 dart slugs
  8 leopard geckos
  8 orcs
  4 giant cockroaches
  10 goblins
  4 hobgoblins
  4 jackals
  6 kobolds
  2 quokkas
  2 ball pythons
  7 bats
  3 frilled lizards
  A jackal skeleton (D:4)
  A quokka skeleton (D:5)
  6 rats
100 creatures vanquished.

Notes
Turn   | Place    | Note
-------+----------+-------------------------------------------
     0 | D:1      | jmlagarto the Draconian Berserker began the quest for the Orb.
     0 | D:1      | Reached XP level 1. HP: 19/19 MP: 1/1
   346 | D:1      | Reached XP level 2. HP: 24/26 MP: 2/2
  1071 | D:2      | Reached XP level 3. HP: 32/33 MP: 3/3
  1314 | D:2      | Reached ** piety under Trog
  1624 | D:2      | Found a hazy altar of Hepliaklqana.
  1707 | D:3      | Reached XP level 4. HP: 40/40 MP: 4/4
  1984 | D:3      | Noticed Ijyb
  1990 | D:3      | Killed Ijyb
  2281 | D:3      | Reached XP level 5. HP: 31/47 MP: 5/5
  2664 | D:3      | Reached *** piety under Trog
  2676 | D:4      | Found Zybraga's Jewellery Emporium.
  2684 | D:4      | HP: 2/47 [orc wizard/puff of frost (9)]
  2974 | D:4      | Reached skill level 5 in Fighting
  2996 | D:4      | Reached XP level 6. HP: 31/56 MP: 6/6
  3342 | D:4      | Reached skill level 5 in Polearms
  3752 | D:4      | Your scales start taking on a golden yellow colour.
  3752 | D:4      | Reached XP level 7. HP: 34/62 MP: 7/7
  4130 | D:4      | Noticed an air elemental
  4155 | D:4      | Found a stormy altar of Qazlal.
  4158 | D:4      | Noticed a fire elemental
  4158 | D:4      | Noticed a water elemental
  4226 | D:5      | Entered Level 5 of the Dungeon
  4295 | D:5      | Reached **** piety under Trog
  4302 | D:5      | Reached skill level 1 in Axes
  4493 | D:5      | Noticed a two-headed ogre
  4503 | D:5      | Demolished by a two-headed ogre

Skill      XL: |  1  2  3  4  5  6  7 |
---------------+----------------------+-----
Dodging        | 3 4 |  4.9
Fighting       | 4 5 |  5.9
Polearms       | 4 5 |  5.3
Axes           | 1 |  1.2

Action                   |  1- 3 |  4- 6 |  7- 9 || total
-------------------------+-------+-------+-------++-------
Melee: Spear             |   147 |   212 |       ||   359
       Tailslap          |    10 |    43 |     6 ||    59
       Hand axe          |       |       |    48 ||    48
Invok: Berserk           |       |     2 |     1 ||     3
       Trog's Hand       |       |     1 |       ||     1
  Use: Potion            |       |     3 |       ||     3
       Scroll            |       |     4 |     3 ||     7
 Stab: Sleeping          |     1 |     1 |       ||     2
  Eat: Bread ration      |     1 |     3 |       ||     4
       Chunk             |       |     1 |       ||     1
Armor: Skin              |    68 |    55 |    17 ||   140
Dodge: Dodged            |   132 |   151 |    33 ||   316
